 Dungeon Crawl Stone Soup version 0.29-a0-334-gb41bcbb86e (webtiles) character file.

Game seed: 18160397421667424355

37 spaghetti the Poker (level 3, -2/51 HPs)
             Began as a Naga Berserker on Apr 13, 2022.
             Was a Follower of Trog.
             Slain by a goblin
             ... wielding a +0 club
              (3 damage)
             ... on level 2 of the Dungeon.
             The game lasted 00:00:48 (895 turns).

spaghetti the Poker (Naga Berserker)                 Turns: 895, Time: 00:00:48

Health: -2/51      AC:  2    Str: 21    XL:     3   Next: 39%
Magic:  3/3        EV:  9    Int:  7    God:    Trog [*.....]
Gold:   27         SH:  0    Dex: 10    Spells: 2/2 levels left

rFire   . . .      SeeInvis +   a - +0 spear {polearm}
rCold   . . .      Faith    .   (no shield)
rNeg    . . .      Spirit   .   b - +0 animal skin
rPois   +          Reflect  .   (no helmet)
rElec   .          Harm     .   (no cloak)
rCorr   .          Rampage  .   (no gloves)
Will    .....                   (no barding)
Stlth   ..........              (no amulet)
HPRegen 0.17/turn               (no ring)
MPRegen 0.08/turn               (no ring)

@: berserking (expiring), lethally poisoned (-2 -> -3), quick
A: AC +1, large, see invisible, deformed body, poison resistance, slowness 2,
spit poison 1, naga tail 1
a: Spit Poison, Renounce Religion, Berserk


You were on level 2 of the Dungeon.
You worshipped Trog.
Trog was aware of your devotion.
You visited 1 branch of the dungeon, and saw 2 of its levels.

You collected 27 gold pieces.


Innate Abilities, Weirdness & Mutations

Your serpentine skin is tough. (AC +1)
You have supernaturally acute eyesight. (SInv)
Armour fits poorly on your strangely shaped body.
Your system is resistant to poisons. (rPois)
You cover ground very slowly.
You can spit poison.
You have a snake-like lower body.


   Skills:
 - Level 3.0 Fighting
 - Level 3.0 Polearms
 + Level 3.0 Armour
 - Level 1.5 Dodging


You had 2 spell levels left.
You didn't know any spells.
Your spell library was empty.

Inventory:

Hand Weapons
 a - a +0 spear (weapon) {polearm}
Armour
 b - a +0 animal skin (worn)
Scrolls
 e - a scroll of teleportation {unknown}
Potions
 c - 2 potions of mutation {unknown}
 d - a potion of curing {unknown}
 f - a potion of ambrosia {unknown}

Dungeon Overview and Level Annotations

Branches:
Dungeon (2/15)

Altars:
Hepliaklqana

Annotations:
D:2 Natasha

.. #. .' .# ####S#
#....##...
#########gh5g.....
#......##.@#
#.####.#...# #.#
#..#.#.# #.#
#......#
#.#.###....####
####.#...........#
....#####..#.##.#
..#......##....##.#
#.#..#.#...........


You could see an iron imp (summoned), Natasha, an adder, a hobgoblin and a
goblin.


Message History

You see here a +0 club {mace}. 😕 HP[-4]
You take 4 damage, and now have 24/28 hp.
You are too injured to fight recklessly!
You are too injured to fight recklessly!
You are too injured to fight recklessly!
You are too injured to fight recklessly!
You are too injured to fight recklessly!
You are too injured to fight recklessly!
You are too injured to fight recklessly!
You are too injured to fight recklessly!
You are too injured to fight recklessly!
You are too injured to fight recklessly!
You are too injured to fight recklessly!
An adder is nearby!
An adder is nearby!
You barely miss the adder.
A hobgoblin comes into view.
The adder barely misses you.
You barely miss the adder.
The goblin shouts!
You hear an angry hiss.
The adder closely misses you.
You closely miss the adder. The adder closely misses you.
The adder bites you. 😮 HP[-3]
You take 3 damage, and now have 21/28 hp.
You hit the adder but do no damage.
Natasha, Servant of Life and Death comes into view.
The adder bites you. 😮 HP[-3]
You take 3 damage, and now have 18/28 hp.
A red film seems to cover your vision as you go berserk!
You feel yourself moving faster!
You feel mighty! The adder bites you. The adder barely misses you.
Natasha casts a spell. 😮 HP[+8]
You now have 42 max hp (+14).
You regained 8 hp, and now have 26/42 hp.
You closely miss the adder. The adder bites you. x2
* * * LOW HITPOINT WARNING * * *
😨 HP[-5]
You take 5 damage, and now have 21/42 hp.
You puncture the adder!
You kill the adder!
Trog accepts your kill.
Natasha howls an incantation.
Natasha's front paws start to glow.
The adder bites you.
* * * LOW HITPOINT WARNING * * *
You have reached level 3!
Your experience leads to an increase in your attributes!
Increase (S)trength, (I)ntelligence, or (D)exterity?
You feel stronger. x2; Your skin feels tougher. 😨 HP[+1] MP[+1]
You now have 51 max hp (+9).
Your mp is fully restored (3).
You closely miss the adder. You closely miss the adder.
The adder bites you but does no damage.
The iron imp hits you but does no damage.
You closely miss the adder. The adder bites you.
* * * LOW HITPOINT WARNING * * *
An adder comes into view. 😨 HP[-2]
You take 2 damage, and now have 20/51 hp.
You closely miss the adder.
The adder hisses angrily.
The adder bites you.
* * * LOW HITPOINT WARNING * * *
The iron imp hits you.
* * * LOW HITPOINT WARNING * * *
😨 HP[-2]
You take 2 damage, and now have 18/51 hp.
You closely miss the adder. The adder bites you.
* * * LOW HITPOINT WARNING * * *
You are poisoned.
The adder poisons you! 😨 HP[-4]
You take 4 damage, and now have 14/51 hp.
You barely miss the adder.
You feel sick. The goblin barely misses you.
The iron imp barely misses you. 😨 HP[-1]
You take 1 damage, and now have 13/51 hp.
You barely miss the adder.
You feel sick. The adder bites you.
* * * LOW HITPOINT WARNING * * *
The goblin hits you with a +0 club.
* * * LOW HITPOINT WARNING * * *
😱 HP[-4]
You take 4 damage, and now have 9/51 hp.
You puncture the adder!
You kill the adder!
Trog accepts your kill. The iron imp hits you!
* * * LOW HITPOINT WARNING * * *
Your Armour skill increases to level 3! 😱 HP[-7]
You take 7 damage, and now have 2/51 hp.
You closely miss Natasha.
* * * LOW HITPOINT WARNING * * *
You feel sick.
Natasha casts a spell.
The goblin hits you with a +0 club.
You die...

Skill      XL: |  1  2  3 |
---------------+----------+-----
Armour         | 2 3 |  3.0
Fighting       | |  3.0
Polearms       | |  3.0
Dodging        | |  1.5

Action                   || total
-------------------------++-------
Melee: Spear             ||    69
       Punch             ||     1
Invok: Berserk           ||     2
Armor: Animal skin       ||     5
Dodge: Dodged            ||    29

Levels and vault maps discovered:
D:1:      amcnicky_arrival_gap_in_the_tavern_cellar, layout_basic,
          dreamdust_ecumenical_altar_statues, st_stairs_12, minmay_hedge_maze
D:2:      layout_basic, basic_altar, kennysheep_generic_room_6, uniq_natasha

Notes
Turn   | Place    | Note
-------+----------+-------------------------------------------
     0 | D:1      | spaghetti the Naga Berserker began the quest for the Orb.
     0 | D:1      | Reached XP level 1. HP: 21/21 MP: 1/1
     0 | D:1      | magus.rc [v1.9.6]
   137 | D:1      | Reached skill level 2 in Armour
   391 | D:2      | Reached XP level 2. HP: 9/28 MP: 2/2
   623 | D:2      | Found a hazy altar of Hepliaklqana.
   883 | D:2      | Noticed Natasha
   887 | D:2      | Reached XP level 3. HP: 22/34 MP: 3/3
   893 | D:2      | HP: 12/51 [poisoned by an adder]
   894 | D:2      | HP: 2/51 [iron imp[Natasha] (8)]
   895 | D:2      | Reached skill level 3 in Armour
   895 | D:2      | Slain by a goblin

Vanquished Creatures
  3 adders (D:2)
  A goblin (D:2)
  2 kobolds
  3 ball pythons
  2 frilled lizards
  A rat (D:1)
12 creatures vanquished.

Table legend:
 A = Non-vault XP
 B = Vault XP
 C = Vault XP percentage of total XP
 D = Non-vault monster count
 E = Vault monster count
 F = Vault count percentage of total count
                 A         B        C        D         E       F
            +---------+---------+-------+---------+---------+-------
      Total |      53 |       0 |   0.0 |      12 |       0 |   0.0
            +---------+---------+-------+---------+---------+-------
        D:1 |       7 |       0 |   0.0 |       5 |       0 |   0.0
        D:2 |      46 |       0 |   0.0 |       7 |       0 |   0.0
            +---------+---------+-------+---------+---------+-------

Illustrated notes

Table legend:
 A = Kills in this place as a percentage of kills in entire the game.
 B = Kills by you in this place as a percentage of kills by you in the entire game.
 C = Kills by friends in this place as a percentage of kills by friends in the entire game.
 D = Other kills in this place as a percentage of other kills in the entire game.
 E = Experience gained in this place as a percentage of experience gained in the entire game.
 F = Experience gained in this place divided by the number of levels of this place that you have seen.
                   A       B       C       D       E      F
               +-------+-------+-------+-------+-------+----------------------
         Total | 100.0 | 100.0 |   N/A |   N/A | 100.0 |  26.5
       Dungeon | 100.0 | 100.0 |   N/A |   N/A | 100.0 |  26.5
               +-------+-------+-------+-------+-------+----------------------

Table legend: (Time is in decaauts)
 A = Elapsed time spent in this place.
 B = Non-inter-level travel time spent in this place.
 C = Inter-level travel time spent in this place.
 D = Time resting spent in this place.
 E = Time spent auto-exploring this place.
 F = Levels seen in this place.
 G = Mean time per level.
                   A        B        C        D        E       F      G
               +--------+--------+--------+--------+--------+-----+--------+
         Total |    954 |    954 |      0 |    393 |    460 |   2 |  477.0 |
       Dungeon |    954 |    954 |      0 |    393 |    460 |   2 |  477.0 |
               +--------+--------+--------+--------+--------+-----+--------+

Top non-repeatable levels by time:
     D:2: 558 daAuts
     D:1: 395 daAuts
